 Dungeon Crawl Stone Soup version 0.24-a0-280-g7cec4da (webtiles) character file.

Game seed: 14418085506642457225

42 spiderXprincessX the Ruffian (level 3, 0/36 HPs)
             Began as a Troll Berserker on May 14, 2019.
             Was a Believer of Trog.
             Killed from afar by Natasha (5 damage)
             ... with a magic dart
             ... on level 2 of the Dungeon.
             The game lasted 00:05:22 (1188 turns).

spiderXprincessX the Ruffian (Troll Berserker)      Turns: 1188, Time: 00:05:23

Health: 0/36       AC:  6    Str: 25    XL:     3   Next: 35%
Magic:  2/2        EV: 10    Int:  4    God:    Trog [**....]
Gold:   20         SH:  0    Dex:  9    Spells: 2/2 levels left

rFire    . . .     SeeInvis .     - Unarmed
rCold    . . .     Gourm    +   (no shield)
rNeg     . . .     Faith    .   a - +0 animal skin
rPois    .         Spirit   .   (helmet restricted)
rElec    .         Reflect  .   (no cloak)
rCorr    .         Harm     .   (gloves unavailable)
MR       .....                  (boots unavailable)
Stlth    +.........             (no amulet)
HPRegen  0.52/turn              (no ring)
MPRegen  0.08/turn              (no ring)

@: slowed, very slow
A: large, unfitting armour, claws 3, fast metabolism 3, gourmand, regeneration
1, shaggy fur 1, tough skin 3
a: Berserk, Trog's Hand, Renounce Religion


You were on level 2 of the Dungeon.
You worshipped Trog.
Trog was pleased with you.
You were very full.

You visited 1 branch of the dungeon, and saw 2 of its levels.

You collected 20 gold pieces.

Inventory:

Hand Weapons
 d - a +0 short sword
 f - a +0 club
 g - a +0 spear
 j - a +0 whip
 k - a +0 short sword
Missiles
 e - 31 stones (quivered)
Armour
 a - a +0 animal skin (worn)
Scrolls
 h - 2 scrolls of identify {unknown}
Potions
 c - a potion of berserk rage {unknown}
 l - a potion of magic {unknown}
Comestibles
 b - 4 rations
 i - a chunk of flesh


   Skills:
 + Level 2.8 Fighting
 + Level 3.0 Dodging
 + Level 3.5 Unarmed Combat


You had 2 spell levels left.
You didn't know any spells.
Your spell library was empty.

Dungeon Overview and Level Annotations

Branches:
Dungeon (2/15)

Altars:

Annotations:
D:2 Natasha


Innate Abilities, Weirdness & Mutations

You are too large for most types of armour.
You have claws for hands.
Your metabolism is lightning-fast.
You like to eat raw meat.
Your natural rate of healing is unusually fast.
You are covered in fur. (AC +1)
You have extremely tough skin. (AC +3)


Message History

You scratch something. Something claws you.
* * * LOW HITPOINT WARNING * * *
You scratch something. Something claws you.
* * * LOW HITPOINT WARNING * * *
Something claws you but does no damage.
You closely miss something. The frilled lizard misses you.
You hear some strange, mumbled words.
You feel as though you will be slow longer.
The frilled lizard bites you but does no damage.
You miss something.
You hear some strange, mumbled words.
A magic dart appears from out of thin air!
The magic dart hits you!
* * * LOW HITPOINT WARNING * * *
The frilled lizard barely misses you.
You miss something.
You hear some strange, mumbled words.
A magic dart appears from out of thin air!
The magic dart hits you.
You die...

### ##^. ###...
...####. #####..#....
#........#### #
#...........#
#.##..@........#
##....l{........#
....#........<..###
........###.......#
....#.#...........##.
####..####...........
.... ##.......##.
..... #.......#
....>.............#


You could see a frilled lizard.

Vanquished Creatures
  An ooze (D:1)
  A worm (D:2)
  A leopard gecko (D:1)
  3 giant cockroaches (D:1)
  2 goblins (D:1)
  6 hobgoblins (D:1)
  2 jackals (D:1)
  3 bats (D:1)
  6 frilled lizards (D:1)
  3 kobolds (D:1)
  6 rats (D:1)
  6 plants (D:1)
40 creatures vanquished.

Notes
Turn   | Place    | Note
-------+----------+-------------------------------------------
     0 | D:1      | spiderXprincessX the Troll Berserker began the quest for
                  | the Orb.
     0 | D:1      | Reached XP level 1. HP: 22/22 MP: 0/0
    99 | D:1      | Reached XP level 2. HP: 29/29 MP: 1/1
   577 | D:1      | Reached ** piety under Trog
   844 | D:1      | Reached XP level 3. HP: 35/36 MP: 2/2
  1173 | D:2      | Noticed Natasha
  1188 | D:2      | Killed from afar by Natasha

Levels and vault maps discovered:
D:1:      minmay_arrival_four_loops, layout_loops_ring, minmay_lizard_king
D:2:      layout_rooms, first_ration, hangedman_glass_teeth, minmay_ruptured,
          uniq_natasha

Skill      XL: |  1  2  3 |
---------------+----------+-----
Dodging        | 3 |  3.0
Fighting       | |  2.8
Unarmed Combat | |  3.5

Action                   || total
-------------------------++-------
Melee: Unarmed           ||   179
       Punch             ||     3
  Eat: Chunk             ||    15
Armor: Animal skin       ||   122
Dodge: Dodged            ||   116

Table legend:
 A = Non-vault XP
 B = Vault XP
 C = Vault XP percentage of total XP
 D = Non-vault monster count
 E = Vault monster count
 F = Vault count percentage of total count
                 A         B        C        D         E       F
            +---------+---------+-------+---------+---------+-------
      Total |      52 |       9 |  14.8 |      27 |       7 |  20.6
            +---------+---------+-------+---------+---------+-------
        D:1 |      47 |       9 |  16.1 |      26 |       7 |  21.2
        D:2 |       5 |       0 |   0.0 |       1 |       0 |   0.0
            +---------+---------+-------+---------+---------+-------
